 Dungeon Crawl Stone Soup version 0.18.1-50-g88ac8fd (console) character file.

2489 mtadd the Ducker (level 9, 65/65 HPs)
             Began as a Human Enchanter on Sept 18, 2016.
             Was an Elder of Nemelex Xobeh.
             Quit the game on level 8 of the Dungeon on Sept 19, 2016.
             The game lasted 01:11:27 (6441 turns).

mtadd the Ducker (Human Enchanter)                  Turns: 6441, Time: 01:11:27

Health: 65/65      AC: 14    Str:  8 (9)  XL:     9   Next: 81%
Magic:  15/15      EV: 17    Int: 18      God:    Nemelex Xobeh [****..]
Gold:   422        SH:  0    Dex: 18      Spells: 4 memorised, 7 levels left

rFire  . . .     SeeInvis .     q - +0 broad axe
rCold  + . .     Gourm    .     p - +2 robe {rC+}
rNeg   . . .     Faith    .     (no shield)
rPois  +         Spirit   .     e - +2 helmet
rElec  .         Dismiss  .     h - +1 cloak {rPois}
rCorr  +         Reflect  .     R - +2 pair of gloves
SustAt .         Harm     .     j - +1 pair of boots {Stlth+}
MR     .....                    (no amulet)
Stlth  ++++......               f - +4 ring of dexterity
                                o - ring of resist corrosion

@: not resistant to hostile enchantments, stealthy
A: deterioration 1, evolution 1
a: Triple Draw, Deal Four, Renounce Religion


You were on level 8 of the Dungeon.
You worshipped Nemelex Xobeh.
Nemelex Xobeh was greatly pleased with you.
You were not hungry.

You visited 2 branches of the dungeon, and saw 9 of its levels.
You also visited: Sewer.

You collected 439 gold pieces.
You spent 17 gold pieces at shops.

Inventory:

Hand Weapons
 g - a +1 hand axe of distortion {!w}
 i - a +1 short sword of freezing
 q - a +0 broad axe (weapon)
 v - a +0 mace of protection
 x - a +0 battleaxe
 A - a cursed -1 hunting sling
Missiles
 u - 6 needles of confusion
 O - 3 curare-tipped needles
 P - 8 tomahawks (quivered)
Armour
 e - a +2 helmet (worn)
 h - a +1 cloak of poison resistance (worn)
 j - a +1 pair of boots of stealth (worn)
 p - a +2 robe of cold resistance (worn)
 R - a +2 pair of gloves (worn)
Jewellery
 b - an uncursed ring of flight
 f - a +4 ring of dexterity (right hand)
 o - a ring of resist corrosion (left hand)
Wands
 a - a wand of acid (6/15)
 t - a wand of enslavement (5/24)
Scrolls
 k - 4 scrolls of identify
 r - a scroll of remove curse
 w - a scroll of magic mapping
 B - a scroll of summoning {unknown}
 D - a scroll of recharging
 E - a scroll of teleportation {unknown}
 F - a scroll of blinking
 L - a scroll of fear
Potions
 G - 2 potions of heal wounds
Books
 c - a book of Maledictions

   Spells                             Type                      Level
   a - Corona                         Hexes                        1
   b - Ensorcelled Hibernation        Hexes/Ice                    2
   c - Confuse                        Hexes                        3
   d - Tukima's Dance                 Hexes                        3
   e - Dazzling Spray                 Conjuration/Hexes            3
Miscellaneous
 l - a plain deck of war
 y - a plain deck of destruction
 z - a legendary deck of destruction
 C - a plain deck of war {drawn: 4}
 I - an ornate deck of escape
 K - a plain deck of war {the Potion}
Comestibles
 d - 7 bread rations
 m - 5 slices of pizza
 n - 5 meat rations
 s - 3 beef jerkies
 H - 3 chunks of flesh


   Skills:
 + Level 4.2 Fighting
 + Level 1.0 Short Blades
 + Level 5.0 Axes
 + Level 1.7 Throwing
 + Level 6.9 Dodging
 + Level 6.3 Stealth
 + Level 4.5 Spellcasting
 + Level 4.8 Hexes
 + Level 0.6 Evocations


You had 7 spell levels left.
You knew the following spells:

 Your Spells              Type           Power        Failure   Level  Hunger
a - Corona                Hex            ###....      1%          1    None
b - Confuse               Hex            ###.....     10%         3    ###....
c - Tukima's Dance        Hex            ###.....     10%         3    ###....
d - Dazzling Spray        Conj/Hex       ##....       17%         3    ###....


Dungeon Overview and Level Annotations

Branches:
Dungeon (8/15)             Temple (1/1) D:7
   Lair: D:8-11

Altars:
Ashenzari
Cheibriados
Dithmenos
Elyvilon
Fedhas
Gozag
Kikubaaqudgha
Makhleb
Nemelex Xobeh
Okawaru
Pakellas
Qazlal
Ru
Sif Muna
Trog
Vehumet
Xom
Zin
The Shining One

Shops:
D:4 }   D:5 *

Annotations:
D:5 Eustachio


Innate Abilities, Weirdness & Mutations

Your body sometimes deteriorates upon taking damage.
You evolve.


Message History

The hound barely misses you. x2
You hit the hound.
You kill the hound!
You see here a hound corpse.
You butcher the hound corpse.
H - 3 chunks of flesh (gained 1)
You see here a hound skeleton.
Inscribe with what? !w Wield which item (- for none, * to show all)? (? for menu, Esc to quit)
Really wield
g - a +1 hand axe of distortion {!w}?
Wield which item (- for none, * to show all)? (? for menu, Esc to quit)
Okay, then.
Nemelex Xobeh grants you a gift! Something appears at your feet!
You see here an ornate deck of escape.
I - an ornate deck of escape A crocodile comes into view.
Are you sure you want to abandon this character and quit the game? (Confirm with "yes".)

.# # .# #.#### .#
...# ###.#
..#.###
....####...#<..#
##.....#..####รท#
##.###.#.....#.#
##.........# #.#
###.#...<..#
#.###
....#..###.#
#...# #####....#
#...#@#
#......#.#
###.#.#
#.###.##.# #.#.#
#.# #... # #...#
#.# #.### ...t#
#.###.# ..#.#
....>.# ###.#
#####....# ..# #
######


You could see a crocodile (sleeping).

Vanquished Creatures
  Grinder (D:4)
  The ghost of tboli the Magician, an amateur DEWz (D:4)
  A spriggan (D:7)
  A hippogriff (D:7)
  An ice beast (D:8)
  Purgy (Sewer)
  3 ogres
  A centaur (D:7)
  2 giant frogs
  3 crimson imps
  2 hounds
  A giant frog zombie (D:8)
  A giant frog skeleton (D:4)
  5 orc wizards
  Ijyb (D:3)
  7 worker ants
  A howler monkey zombie (D:6)
  2 worker ant zombies
  A gnoll (D:1)
  4 adders
  2 shadow imps
  3 oozes
  2 adder skeletons
  An adder zombie (D:5)
  3 worms
  4 dart slugs
  4 giant geckos
  22 orcs
  6 bats
  4 giant cockroaches
  5 hobgoblins
  8 jackals
  4 quokkas
  2 ball pythons
  A giant cockroach zombie (D:6)
  2 giant gecko skeletons (D:4)
  4 giant newts
  9 goblins
  12 kobolds
  A quokka skeleton (D:7)
  9 rats
148 creatures vanquished.

Vanquished Creatures (collateral kills)
  Sigmund (D:3)
  The ghost of crazymagnet the Vandal, an amateur SpAM (D:5)
  An ogre (D:4)
  A water moccasin zombie (D:5)
  A bat (D:3)
5 creatures vanquished.

Vanquished Creatures (others)
  A dancing weapon (D:8)
  A sky beast (D:4)
  A giant frog (D:8)
  An iguana (D:6)
  A worker ant (D:4)
  2 hound skeletons
  2 worms
  An orc (D:4)
10 creatures vanquished.

Grand Total: 163 creatures vanquished

Notes
Turn   | Place    | Note
--------------------------------------------------------------
     0 | D:1      | mtadd the Human Enchanter began the quest for the Orb.
     0 | D:1      | Reached XP level 1. HP: 13/13 MP: 3/3
   145 | D:1      | Reached XP level 2. HP: 14/19 MP: 5/5
   373 | D:1      | Reached XP level 3. HP: 11/24 MP: 4/6
  1042 | D:2      | Reached XP level 4. HP: 27/30 MP: 5/7
  1100 | D:2      | Learned a level 3 spell: Confuse
  1555 | D:3      | Found a faded altar to an unknown god.
  1589 | D:3      | Became a worshipper of Nemelex Xobeh the Trickster
  1589 | D:3      | Received a gift from Nemelex Xobeh
  1589 | D:3      | Reached * piety under Nemelex Xobeh
  1707 | D:3      | Noticed Ijyb
  1715 | D:3      | Killed Ijyb
  1715 | D:3      | Reached skill level 1 in Fighting
  1715 | D:3      | Reached skill level 1 in Axes
  1715 | D:3      | Reached XP level 5. HP: 34/37 MP: 8/8
  2204 | D:3      | Received a gift from Nemelex Xobeh
  2209 | D:3      | Found a blossoming altar of Fedhas.
  2212 | D:3      | Found an ancient bone altar of Kikubaaqudgha.
  2213 | D:3      | Found a stormy altar of Qazlal.
  2368 | D:3      | Noticed Sigmund
  2394 | D:3      | Killed Sigmund
  2394 | D:3      | Reached XP level 6. HP: 33/43 MP: 9/9
  2424 | D:3      | Found a radiant altar of Vehumet.
  2488 | D:4      | Noticed tboli's ghost (amateur DEWz)
  2610 | D:4      | Killed tboli's ghost
  2610 | D:4      | Reached XP level 7. HP: 28/49 MP: 10/10
  2768 | D:4      | Reached skill level 5 in Stealth
  2897 | D:4      | Learned a level 3 spell: Tukima's Dance
  2955 | D:4      | Found a glowing drain.
  2976 | Sewer    | Entered a sewer
  3040 | Sewer    | Noticed Purgy
  3073 | Sewer    | Killed Purgy
  3265 | D:4      | Found an oddly glowing altar of Pakellas.
  3265 | D:4      | Found Pakellas's Prime Provisions.
  3295 | D:4      | Reached XP level 8. HP: 52/57 MP: 12/12
  3514 | D:4      | Noticed Grinder
  3516 | D:4      | Paralysed by Grinder for 3 turns
  3533 | D:4      | Paralysed by Grinder for 5 turns
  3550 | D:4      | Killed Grinder
  3550 | D:4      | Reached skill level 5 in Dodging
  3640 | D:4      | Reached skill level 1 in Throwing
  3776 | D:5      | Entered Level 5 of the Dungeon
  3778 | D:5      | Reached ** piety under Nemelex Xobeh
  3791 | D:5      | Noticed crazymagnet's ghost (amateur SpAM)
  3844 | D:5      | Killed crazymagnet's ghost
  4084 | D:5      | Found a bloodstained altar of Trog.
  4150 | D:5      | Found a glowing silver altar of Zin.
  4324 | D:5      | Found Mafuy's Assorted Antiques.
  4334 | D:5      | Bought a glowing robe for 17 gold pieces
  4362 | D:5      | Learned a level 3 spell: Dazzling Spray
  4431 | D:5      | Noticed Eustachio
  4537 | D:5      | Found a sacrificial altar of Ru.
  4599 | D:6      | Gained mutation: Your body sometimes deteriorates upon taking damage. [potion of mutation]
  4599 | D:6      | Gained mutation: You evolve. [potion of mutation]
  4750 | D:6      | Received a gift from Nemelex Xobeh
  4793 | D:6      | Reached XP level 9. HP: 37/63 MP: 14/14
  4995 | D:6      | Reached *** piety under Nemelex Xobeh
  5205 | D:6      | Found a deep blue altar of Sif Muna.
  5616 | D:7      | Found a staircase to the Ecumenical Temple.
  5652 | Temple   | Entered the Ecumenical Temple
  5654 | Temple   | Received a gift from Nemelex Xobeh
  5781 | D:7      | Found an oddly glowing altar of Pakellas.
  5781 | D:7      | Found an opulent altar of Gozag.
  5785 | D:7      | Found a sacrificial altar of Ru.
  5785 | D:7      | Found a white marble altar of Elyvilon.
  5965 | D:7      | Received a gift from Nemelex Xobeh
  6243 | D:8      | Reached **** piety under Nemelex Xobeh
  6280 | D:8      | Reached skill level 5 in Axes
  6437 | D:8      | Received a gift from Nemelex Xobeh
  6441 | D:8      | Quit the game

Skill      XL: |  1  2  3  4  5  6  7  8  9 |
---------------+----------------------------+-----
Dodging        | 3 4 5 6 |  6.9
Fighting       | 1 2 3 4 |  4.2
Axes           | 1 2 4 5 |  5.0
Stealth        | 4 5 6 |  6.3
Hexes          | 4 |  4.8
Spellcasting   | 3 4 |  4.5
Throwing       | 1 |  1.7
Short Blades   | |  1.0
Evocations     | |  0.6

Action                   |  1- 3 |  4- 6 |  7- 9 || total
-------------------------+-------+-------+-------++-------
Melee: Hand axe          |    57 |   112 |   347 ||   516
       Dagger            |     4 |       |       ||     4
       Broad axe         |       |       |     3 ||     3
Throw: Tomahawk          |       |       |    19 ||    19
       Stone             |       |       |     2 ||     2
 Cast: Corona            |     3 |     7 |    30 ||    40
       Tukima's Dance    |       |       |     7 ||     7
Evoke: Deck              |       |     2 |     2 ||     4
  Use: Scroll            |       |       |     9 ||     9
       Potion            |       |       |     7 ||     7
 Stab: Sleeping          |    10 |     7 |    10 ||    27
       Distracted        |       |     1 |     1 ||     2
       Invisible         |       |       |     1 ||     1
  Eat: Chunk             |       |     6 |     8 ||    14
       Beef jerky        |       |       |     1 ||     1
       Bread ration      |       |       |     1 ||     1
Armor: Robe              |    15 |    17 |    85 ||   117
Dodge: Dodged            |    34 |    65 |   192 ||   291
